 Dungeon Crawl Stone Soup version 0.26.0-20-g3ca415f5b8 (console) character file.

Game seed: 7663047704612956487

5806 jeanjacques the Fighter (level 10, -5/68 HPs)
             Began as a Gargoyle Artificer on Jan 24, 2021.
             Was an Elder of the Shining One.
             Killed from afar by a hell hound (6 damage)
             ... with a blast of flame
             ... led by Azrael
             ... on level 15 of the Dungeon.
             The game lasted 00:23:06 (3799 turns).

jeanjacques the Fighter (Gargoyle Artificer)        Turns: 3799, Time: 00:23:07

Health: -5/68      AC: 26    Str: 19      XL:     10   Next: 79%
Magic:  12/12      EV:  6    Int: 11 (13) God:    the Shining One [****..]
Gold:   421        SH:  0    Dex: 17      Spells: 9/9 levels left

rFire    + . .     SeeInvis +   a - +4 battleaxe
rCold    + + .     Faith    .   (shield currently unavailable)
rNeg     + + +     Spirit   .   r - +2 plate armour {Will+}
rPois    ∞         Reflect  .   (no helmet)
rElec    +         Harm     .   o - scarf {repulsion}
rCorr    .         Rampage  .   (no gloves)
Will     +....     Rnd*Tele +   g - +2 pair of boots {run}
Stlth    ..........             (no amulet)
HPRegen  0.21/turn              i - ring of Silaleq {*Tele rC++ SInv}
MPRegen  0.13/turn              c - +6 ring of dexterity

@: hasted, glowing, repel missiles, very quick
A: clever 1, deterioration 1, fire resistance 1, negative energy resistance 1,
shaggy fur 1, electricity resistance, unbreathing, petrification resistance,
miasma immunity, AC +7
a: Renounce Religion, Divine Shield, Cleansing Flame


You were on level 15 of the Dungeon.
You worshipped the Shining One.
The Shining One was greatly pleased with you.
You visited 2 branches of the dungeon, and saw 14 of its levels.

You collected 421 gold pieces.

Inventory:

Hand Weapons
 a - a +4 battleaxe (weapon)
   (You took it off a wight on level 11 of the Dungeon)
 l - a +0 broad axe
   (You found it on level 11 of the Dungeon)
 u - a +4 battleaxe
   (You took it off a wight on level 11 of the Dungeon)
Missiles
 f - a throwing net
Armour
 g - a +2 pair of boots of running (worn)
   (You found it on level 11 of the Dungeon)
 o - a scarf of repulsion (worn)
   (You found it on level 6 of the Dungeon)
 r - a +2 plate armour of willpower (worn)
   (You found it on level 10 of the Dungeon)
 C - a +2 tower shield of protection
   (You found it on level 10 of the Dungeon)
Jewellery
 c - a +6 ring of dexterity (right hand)
   (You found it on level 7 of the Dungeon)
 i - the ring of Silaleq (left hand) {*Tele rC++ SInv}
   (You found it on level 11 of the Dungeon)

   [ring of teleportation]

   It may teleport you next to monsters.
   It greatly protects you from cold.
   It lets you see invisible.
 x - an uncursed ring of positive energy
   (You found it on level 6 of the Dungeon)
 y - an uncursed ring of wizardry
   (You found it on level 7 of the Dungeon)
Wands
 b - a wand of paralysis (11)
   (You found it on level 11 of the Dungeon)
 d - a wand of enslavement (7) (quivered)
 z - a wand of polymorph (1)
   (You took it off Edmund on level 6 of the Dungeon)
Scrolls
 k - 2 scrolls of immolation {!r}
 m - 2 scrolls of fog
 s - a scroll of magic mapping
 t - a scroll of teleportation
Potions
 e - 2 potions of degeneration {!q}
 j - 2 potions of brilliance
 p - 2 potions of lignification {!q}
 w - 2 potions of mutation {!q}


   Skills:
 - Level 10.0 Fighting
 * Level 8.6 Axes
 + Level 6.5 Armour
 - Level 0.7 Dodging
 - Level 1.1 Stealth
 + Level 3.9 Invocations
 - Level 6.0 Evocations


You had 9 spell levels left.
You didn't know any spells.
Your spell library contained the following spells:

 Spells                   Type           Power        Failure   Level
 Animate Skeleton         Necr           0%           100%        1
 Apportation              Tloc           0%           100%        1
 Beastly Appendage        Tmut           0%           100%        1
 Corona                   Hex            0%           100%        1
 Summon Small Mammal      Summ           0%           100%        1
 Wereblood                Tmut           0%           100%        2
 Confusing Touch          Hex            0%           100%        3
 Gell's Gravitas          Tloc           0%           100%        3
 Spider Form              Tmut/Pois      0%           100%        3
 Ice Form                 Ice/Tmut       0%           100%        4
 Petrify                  Tmut/Erth      0%           100%        4
 Blade Hands              Tmut           0%           100%        5
 Metabolic Englaciation   Hex/Ice        0%           100%        5
 Yara's Violent Unravell  Hex/Tmut       0%           100%        5


Dungeon Overview and Level Annotations

Branches:
Dungeon (12/15)            Temple (1/1) D:5
   Lair: D:8-11         Orc: D:9-12

Altars:
Ashenzari
Cheibriados
Dithmenos
Elyvilon
Gozag
Qazlal
Trog
Uskayaw
Wu Jian
The Shining One

Annotations:
D:3 1 transporter, Zaque's ghost, amateur DDFi
D:7 exclusion: upstairs
D:15 Azrael


Innate Abilities, Weirdness & Mutations

You are resistant to torment.
Your stone body is resilient. (AC +7)
You are immune to poison.
You resist negative energy. (rN+)
You are resistant to electric shocks. (rElec)
You can survive without breathing.
You are immune to petrification.
You are immune to miasma.
Your mind is acute. (Int +2)
Your body sometimes deteriorates upon taking damage.
Your flesh is heat resistant. (rF+)
You are covered in fur. (AC +1)


Message History

The bullfrog closely misses you.
A slime creature suddenly becomes a large slime creature.
The yaktaur shoots a bolt.
The bolt barely misses you.
You hit the slime creature.
The slime creature is lightly wounded.
Your yaktaur shoots a bolt.
The bolt closely misses the slime creature.
The bolt hits the bullfrog!!
The bullfrog dies!
The yaktaur shoots a bolt.
The bolt hits your yaktaur!!
Your yaktaur dies!
Your surroundings suddenly seem different.
A hell hound comes into view.
You can now channel blasts of cleansing flame.
The hell hound barks!
A hell hound comes into view.
The hell hound barks!
A hell hound comes into view.
The hell hound barks!
The hell hound bites you but does no damage.
A fire elemental comes into view.
Azrael the Boundless Flame comes into view.
He is wielding a +0 scimitar of flaming.
Azrael gestures at you.
The bolt of fire hits the hell hound.
The hell hound completely resists.
The bolt of fire hits you but does no damage.
A fire elemental comes into view.
The hell hound bites you.
* * * LOW HITPOINT WARNING * * *
Found a stone staircase leading up.
A hell hound comes into view.
Okay, then.
The fire elemental barely misses you. The fire elemental hits you.
The fire elemental burns you! You resist.
* * * LOW HITPOINT WARNING * * *
Found 15 stones.
The hell hound bites you but does no damage.
The hell hound breathes flames at you.
The blast of flame hits the hell hound.
The hell hound completely resists.
The blast of flame hits you. You resist.
You die...

..# .. #.##
.# #. ###(#
#. ##.#.#
#.
###....####
#.
....<....
#....##
#@...#
###h..###
#.E.h...#
#..h.#..#
#.0hR...#
###0.0###
#...# ###.#
.#


You could see Azrael and 4 hell hounds.

Vanquished Creatures
  A two-headed ogre (D:11)
  A deep elf mage (D:15)
  Grinder (D:6)
  A wraith (D:9)
  2 orc warriors (D:9)
  4 yaks (D:7)
  Edmund (D:6)
  2 necrophages
  A phantom (D:7)
  4 ice beasts
  4 sky beasts
  A black bear (D:5)
  An ogre (D:6)
  6 centaurs
  Terence (D:3)
  2 bullfrogs (D:9)
  A scorpion (D:5)
  16 wights
  A howler monkey (D:5)
  2 jellies
  3 bullfrog zombies
  2 quasits
  5 hounds
  An orc priest (D:9)
  2 orc wizards
  A bullfrog skeleton (D:8)
  2 centaur skeletons
  7 worker ants
  2 iguanas
  A howler monkey zombie (D:6)
  3 worker ant zombies
  A howler monkey skeleton (D:7)
  8 gnolls
  5 adders
  2 ufetubi
  An adder skeleton (D:9)
  5 leopard geckos
  22 orcs
  4 giant cockroaches
  A goblin (D:3)
  5 jackals (D:6)
  2 kobolds (D:3)
  6 quokkas
  A ball python (D:5)
  3 bats (D:3)
  2 rats (D:3)
150 creatures vanquished.

Vanquished Creatures (collateral kills)
  A bullfrog (D:15)
  An orc priest (D:9)
  An orc wizard (D:9)
  Jessica (D:3)
  2 orcs (D:9)
  A goblin (D:3)
  A hobgoblin (D:3)
8 creatures vanquished.

Vanquished Creatures (others)
  A yaktaur (D:15)
  A yak (D:7)
  An ice beast (D:7)
  An orc (D:5)
  3 plants (D:5)
7 creatures vanquished.

Grand Total: 165 creatures vanquished

Notes
Turn   | Place    | Note
-------+----------+-------------------------------------------
     0 | D:1      | jeanjacques the Gargoyle Artificer began the quest for the
                  | Orb.
     0 | D:1      | Reached XP level 1. HP: 12/12 MP: 1/1
    30 | D:2      | You fall into a shaft and drop 1 floor!
    30 | D:3      | Noticed Terence
    31 | D:3      | Noticed Jessica
    37 | D:3      | Killed Jessica
    38 | D:3      | Reached skill level 2 in Fighting
    38 | D:3      | Reached XP level 2. HP: 18/18 MP: 2/2
    82 | D:3      | Killed Terence
    83 | D:3      | Reached skill level 4 in Fighting
    83 | D:3      | Reached XP level 3. HP: 23/24 MP: 3/3
    83 | D:3      | Reached XP level 4. HP: 28/29 MP: 4/4
   121 | D:3      | Found a transporter.
   121 | D:3      | Noticed Zaque's ghost (amateur DDFi)
   193 | D:3      | Reached skill level 5 in Fighting
   220 | D:3      | Reached XP level 5. HP: 15/35 MP: 5/5
   342 | D:4      | HP: 3/35 [worker ant (4)]
   344 | D:4      | Reached skill level 3 in Evocations
   483 | D:5      | Entered Level 5 of the Dungeon
   524 | D:5      | Reached XP level 6. HP: 20/41 MP: 6/6
   556 | D:4      | Found a shadowy altar of Dithmenos.
   557 | D:4      | Found a hide-covered altar of Uskayaw.
   576 | D:5      | Noticed a sky beast
   709 | D:5      | Reached skill level 6 in Fighting
   710 | D:5      | Killed a sky beast
   711 | D:5      | Reached skill level 4 in Evocations
   730 | D:5      | HP: 4/42 [centaur (6)]
   737 | D:5      | Reached skill level 7 in Fighting
   737 | D:5      | Reached XP level 7. HP: 6/48 MP: 7/7
   997 | D:5      | Found a staircase to the Ecumenical Temple.
  1039 | Temple   | Entered the Ecumenical Temple
  1062 | Temple   | Became a worshipper of the Shining One
  1139 | D:5      | Found a shadowy altar of Dithmenos.
  1164 | D:5      | Reached skill level 8 in Fighting
  1383 | D:5      | Found a stormy altar of Qazlal.
  1384 | D:5      | Found a snail-covered altar of Cheibriados.
  1388 | D:5      | Found a white marble altar of Elyvilon.
  1422 | D:5      | Reached XP level 8. HP: 11/56 MP: 8/8
  1482 | D:5      | Found an opulent altar of Gozag.
  1520 | D:4      | You fall into a shaft and drop 2 floors!
  1552 | D:7      | Noticed a yak
  1624 | D:6      | Reached skill level 9 in Fighting
  1645 | D:6      | Noticed Edmund
  1646 | D:6      | HP: 3/56 [centaur/arrow (11)]
  1648 | D:6      | The Shining One protects you from harm!
  1673 | D:6      | Killed Edmund
  1713 | D:6      | Reached skill level 10 in Fighting
  1747 | D:6      | Noticed Grinder
  1748 | D:6      | Reached * piety under the Shining One
  1779 | D:6      | Killed Grinder
  1780 | D:6      | Reached skill level 3 in Armour
  1915 | D:6      | Reached skill level 4 in Armour
  1927 | D:7      | Noticed a yak
  1927 | D:7      | Noticed a yak
  1927 | D:7      | Noticed a yak
  1927 | D:7      | Noticed a yak
  1955 | D:7      | Reached skill level 5 in Evocations
  1974 | D:7      | Killed a yak
  1975 | D:7      | Reached skill level 6 in Evocations
  1975 | D:7      | Reached XP level 9. HP: 17/62 MP: 9/9
  1992 | D:7      | Reached skill level 5 in Armour
  2014 | D:7      | Gained mutation: Your flesh is heat resistant. (rF+)
                  | [potion of mutation]
  2014 | D:7      | Gained mutation: You are covered in fur. (AC +1) [potion of
                  | mutation]
  2014 | D:7      | Gained mutation: Your body sometimes deteriorates upon
                  | taking damage. [potion of mutation]
  2014 | D:7      | Gained mutation: Your mind is acute. (Int +2) [potion of
                  | mutation]
  2170 | D:8      | Reached skill level 6 in Armour
  2197 | D:7      | HP: 4/62 [yak (9)]
  2221 | D:7      | HP: 5/62 [worker ant (4)]
  2250 | D:6      | HP: 6/62 [orc (2)]
  2448 | D:6      | Noticed a cyclops
  2463 | D:6      | Reached skill level 1 in Axes
  2469 | D:7      | Reached ** piety under the Shining One
  2509 | D:7      | Reached skill level 2 in Axes
  2531 | D:7      | Reached skill level 3 in Axes
  2644 | D:7      | Reached skill level 4 in Axes
  2902 | D:8      | Reached skill level 5 in Axes
  2968 | D:9      | Reached skill level 6 in Axes
  2968 | D:9      | Reached XP level 10. HP: 32/68 MP: 10/10
  3014 | D:9      | Reached skill level 1 in Invocations
  3017 | D:10     | Entered Level 10 of the Dungeon
  3072 | D:8      | Found a bloodstained altar of Trog.
  3179 | D:9      | Reached skill level 2 in Invocations
  3239 | D:9      | Found an ornate altar of the Wu Jian Council.
  3308 | D:11     | Noticed a two-headed ogre
  3321 | D:11     | Killed a two-headed ogre
  3322 | D:11     | Reached skill level 7 in Axes
  3322 | D:11     | Reached skill level 3 in Invocations
  3343 | D:11     | Identified a +2 pair of boots of running (You found it on
                  | level 11 of the Dungeon)
  3379 | D:11     | Got a heavily runed wooden ring
  3381 | D:11     | Identified the ring of Silaleq {*Tele rC++ SInv} (You found
                  | it on level 11 of the Dungeon)
  3425 | D:11     | Reached *** piety under the Shining One
  3438 | D:11     | Reached skill level 8 in Axes
  3706 | D:12     | You fall into a shaft and drop 3 floors!
  3706 | D:15     | Entered Level 15 of the Dungeon
  3742 | D:15     | Noticed a deep elf mage
  3761 | D:15     | Killed a deep elf mage
  3770 | D:15     | Noticed a red ugly thing
  3770 | D:15     | Noticed a red ugly thing
  3770 | D:15     | Noticed a red ugly thing
  3770 | D:15     | Noticed a red ugly thing
  3770 | D:15     | Noticed a red ugly thing
  3771 | D:15     | Noticed a red ugly thing
  3775 | D:15     | HP: 6/68 [red ugly thing (10)]
  3795 | D:15     | Reached **** piety under the Shining One
  3795 | D:15     | HP: 6/68 [hell hound[Azrael] (4)]
  3796 | D:15     | Noticed Azrael
  3797 | D:15     | HP: 1/68 [fire elemental[Azrael] (5)]
  3799 | D:15     | Killed from afar by a hell hound

Illustrated notes

Levels and vault maps discovered:
D:1:      minmay_arrival_shoal_huts, layout_basic
D:2:      layout_basic, kennysheep_generic_room_5
D:3:      layout_rooms, gammafunk_ghost_mausoleum, uniq_terence, uniq_jessica
D:4:      layout_rooms, gammafunk_temple_overflow_claw,
          gammafunk_temple_overflow_statue
D:5:      layout_loops_corners, gammafunk_temple_overflow_forgotten,
          grunt_gozag_breadcrumbs, temple_green, cheibrodos_sewer_entry_bend,
          grunt_dithmenos_smoke_and_mirrors, uniq_crazy_yiuf_cottage
D:6:      layout_basic, basic_altar, uniq_edmund, uniq_grinder
D:7:      layout_rooms, dk_noncrumbling_2
D:8:      layout_basic, lemuel_crystal_altar
D:9:      layout_cave_pools, pdpol_wu_jian_five_deadly_venoms,
          minmay_misc_feat_tower
D:10:     layout_long_grid
D:11:     layout_loops_ring, erik_lair_dragon, orc_0_dummy, serial_shops,
          nicolae_shop_waterfront
D:12:     layout_basic, enter_bailey_1, serial_shops, nicolae_shop_trees
D:15:     hangedman_depths_entry_try_elsewhere_first, layout_loops_corners,
          kennysheep_crisscross, hangedman_abyss_or_decor_clamps, uniq_azrael
Temple:   minmay_temple_curvy_loop

Skill      XL: |  1  2  3  4  5  6  7  8  9 10 |
---------------+-------------------------------+-----
Fighting       | 2 4 5 7 8 10 | 10.0
Evocations     | 3 4 6 |  6.0
Armour         | 4 6 |  6.5
Axes           | 6 8 |  8.6
Invocations    | 3 |  3.9
Dodging        | |  0.7
Stealth        | |  1.1

Action                   |  1- 3 |  4- 6 |  7- 9 | 10-12 || total
-------------------------+-------+-------+-------+-------++-------
Melee: Club              |     2 |     4 |       |       ||     6
       Falchion          |       |   161 |   350 |       ||   511
       Unarmed           |       |       |    12 |       ||    12
       Battleaxe         |       |       |    35 |   120 ||   155
Evoke: Wand              |     6 |    21 |    18 |     3 ||    48
  Use: Potion            |       |     2 |     4 |     2 ||     8
       Scroll            |       |     2 |     7 |     6 ||    15
Armor: Leather armour    |     2 |     1 |       |       ||     3
       Skin              |       |    70 |     1 |       ||    71
       Ring mail         |       |    55 |       |       ||    55
       Scale mail        |       |    40 |    97 |       ||   137
       Chain mail        |       |       |   159 |     3 ||   162
       Plate armour      |       |       |       |   160 ||   160
Dodge: Dodged            |     4 |   111 |   186 |    61 ||   362
       Repelled          |       |       |       |     1 ||     1
       Rpst.: Falchion   |       |    32 |    49 |       ||    81

Table legend: (Time is in decaauts)
 A = Elapsed time spent in this place.
 B = Non-inter-level travel time spent in this place.
 C = Inter-level travel time spent in this place.
 D = Time resting spent in this place.
 E = Time spent auto-exploring this place.
 F = Levels seen in this place.
 G = Mean time per level.
                   A        B        C        D        E       F      G
               +--------+--------+--------+--------+--------+-----+--------+
         Total |   3954 |   3796 |    158 |    170 |    464 |  14 |  282.4 |
       Dungeon |   3920 |   3772 |    148 |    170 |    464 |  13 |  301.5 |
        Temple |     34 |     24 |     10 |      0 |      0 |   1 |   34.0 |
               +--------+--------+--------+--------+--------+-----+--------+

Top non-repeatable levels by time:
     D:5: 809 daAuts
     D:7: 649 daAuts
     D:6: 615 daAuts
     D:9: 334 daAuts
     D:3: 313 daAuts
    D:11: 294 daAuts
     D:4: 287 daAuts
     D:8: 284 daAuts
    D:15: 91 daAuts
    D:10: 86 daAuts
    D:12: 77 daAuts
     D:2: 74 daAuts
  Temple: 34 daAuts
     D:1: 2 daAuts

Table legend:
 A = Kills in this place as a percentage of kills in entire the game.
 B = Kills by you in this place as a percentage of kills by you in the entire game.
 C = Kills by friends in this place as a percentage of kills by friends in the entire game.
 D = Other kills in this place as a percentage of other kills in the entire game.
 E = Experience gained in this place as a percentage of experience gained in the entire game.
 F = Experience gained in this place divided by the number of levels of this place that you have seen.
                   A       B       C       D       E      F
               +-------+-------+-------+-------+-------+----------------------
         Total | 100.0 | 100.0 | 100.0 | 100.0 | 100.0 | 592.5
       Dungeon | 100.0 | 100.0 | 100.0 | 100.0 | 100.0 | 638.1
               +-------+-------+-------+-------+-------+----------------------
